Map: Goldenaura LE

Players

SubN

  • Race: Zerg Zerg
  • League: Diamond
  • Spawn Location: 5:00

duckRawr - Winner!

  • Race: Protoss Protoss
  • League: Diamond
  • Spawn Location: 12:00

VOD

Have the link to the VOD?

Description

Time

  • Played on: Dec. 19, 2023, 11:30 a.m.
  • Length: 11:42
Show
View Real Time Build Order
Export as new Build Order

SubN Zerg 

Build Orders: Hatch First, Roach Hydra 

Get SALT Encoding   

  12  0:00  Drone  
  13  0:12  Overlord  
  13  0:16  Drone  
  14  0:32  Drone x2  
  16  0:49  Hatchery  
  15  0:53  Drone  
  16  0:58  Drone  
  16  0:59  Drone  
  18  1:05  Extractor  
  17  1:16  Spawning Pool  
  16  1:30  Drone x3  
  19  1:42  Overlord  
  19  1:52  Drone  
  20  2:03  Queen  
  20  2:04  Queen  
  20  2:07  Drone  
  25  2:09  Drone  
  26  2:20  Drone x2  
  28  2:30  Drone  
  28  2:31  Drone  
  30  2:39  Drone x2  
  30  2:41  Queen  
  34  2:58  Hatchery  
  33  3:02  Metabolic Boost  
  33  3:07  Queen  
  35  3:19  Drone  
  36  3:21  Overlord  
  36  3:23  Overlord  
  36  3:24  Overlord  
  36  3:35  Overlord  
  36  3:36  Overlord  
  36  3:43  Zergling x6  
  36  3:59  Drone x9  
  41  4:10  Queen  
  41  4:11  Drone x3  
  46  4:25  Queen  
  46  4:27  Lair  
  46  4:29  Drone x3  
  51  4:46  Drone x6  
  51  4:51  Extractor x2  
  55  4:57  Extractor  
  54  5:00  Drone x8  
  54  5:03  Queen  
  54  5:04  Queen  
  66  5:15  Drone x3  
  66  5:19  Overlord x3  
  69  5:27  Drone  
  70  5:29  Extractor  
  70  5:33  Drone  
  70  5:34  Drone  
  71  5:38  Drone  
  71  5:39  Queen  
  71  5:42  Drone x3  
  77  5:43  Drone x3  
  77  5:47  Drone x3  
  83  5:54  Drone x2  
  83  5:55  Drone x3  
  88  6:06  Hydralisk Den  
  88  6:08  Baneling Nest, Roach Warren, Evolution Chamber  
  88  6:10  Evolution Chamber  
  83  6:20  Overlord  
  83  6:21  Overlord  
  83  6:28  Hatchery  
  82  6:42  Overlord x4  
  82  6:43  Overlord  
  82  6:46  Zerg Missile Weapons Level 1  
  82  6:47  Zerg Melee Weapons Level 1  
  82  6:48  Glial Reconstitution  
  82  6:50  Drone  
  82  6:51  Drone x3  
  86  6:55  Grooved Spines, Extractor  
  86  7:00  Overlord x4  
  85  7:03  Overseer  
  85  7:05  Overseer  
  85  7:17  Overseer  
  85  7:27  Drone x9  
  85  7:28  Drone x6  
  100  7:40  Infestation Pit  
  100  7:41  Overlord x2  
  100  7:43  Drone  
  100  7:45  Muscular Augments  
  100  7:47  Overlord x2  
  100  7:48  Hydralisk, Overlord  
  100  7:49  Hydralisk x2  
  101  8:13  Drone x3  
  101  8:14  Queen  
  101  8:18  Hydralisk  
  101  8:19  Hydralisk x12  
  110  8:21  Queen  
  110  8:27  Spore Crawler  
  133  8:31  Drone  
  133  8:32  Drone x3  
  135  8:35  Extractor  
  135  8:41  Spore Crawler  
  133  8:43  Spore Crawler  
  133  8:45  Hydralisk x9  
  133  8:46  Hydralisk x3  
  156  8:51  Hive  
  156  8:53  Centrifugal Hooks  
  156  8:59  Drone x3  
  156  9:00  Drone  
  160  9:03  Extractor  
  160  9:06  Drone x4  
  160  9:07  Drone  
  164  9:10  Zergling x2  
  164  9:12  Zergling x2  
  166  9:31  Roach x10, Spore Crawler  
  185  9:39  Hatchery  
  185  9:42  Hydralisk, Lurker Den  
  185  9:45  Hatchery  
  184  9:46  Roach  
  184  9:47  Roach x3  
  191  9:53  Overlord x4  
  191  9:54  Overlord  
  191  10:10  Overlord x2  
  191  10:15  Zergling x6  
  194  10:26  Zergling x4  
  150  10:45  Viper x2  
  150  10:46  Viper x2  
  160  11:00  Hydralisk  
  160  11:01  Hydralisk x4, Roach  
  160  11:02  Hydralisk x3, Roach x4  
  160  11:03  Roach x2  
  179  11:14  Hydralisk  
  179  11:15  Hydralisk x6  
Show
View Real Time Build Order
Export as new Build Order

duckRawr Protoss - Winner!

Build Orders: Nexus First 

Get SALT Encoding   

  12  0:00  Probe  
  13  0:12  Probe  
  14  0:24  Pylon, Probe  
  15  0:42  Probe (Chrono Boost)  
  16  0:52  Probe (Chrono Boost)  
  16  0:57  Probe (Chrono Boost)  
  17  1:03  Nexus  
  18  1:08  Probe  
  19  1:19  Gateway  
  19  1:29  Gateway  
  19  1:31  Probe  
  20  1:38  Pylon  
  20  1:44  Probe, Assimilator  
  21  1:53  Assimilator  
  21  1:58  Probe  
  22  2:06  Cybernetics Core  
  22  2:13  Probe (Chrono Boost)  
  23  2:17  Probe (Chrono Boost)  
  23  2:22  Zealot  
  27  2:25  Probe (Chrono Boost)  
  27  2:27  Probe (Chrono Boost)  
  28  2:33  Probe (Chrono Boost)  
  28  2:35  Probe (Chrono Boost)  
  30  2:41  Probe (Chrono Boost)  
  30  2:43  Probe (Chrono Boost), Adept  
  34  2:47  Warp Gate  
  34  2:49  Adept  
  36  2:54  Probe (Chrono Boost)  
  36  2:56  Probe  
  38  3:06  Probe  
  38  3:08  Stargate, Probe  
  40  3:18  Probe  
  40  3:19  Stalker  
  43  3:20  Probe (Chrono Boost)  
  44  3:30  Pylon, Probe (Chrono Boost), Assimilator  
  44  3:33  Probe (Chrono Boost)  
  46  3:35  Pylon  
  46  3:46  Probe x2 (Chrono Boost)  
  48  3:58  Probe x2  
  46  4:10  Probe  
  46  4:16  Void Ray, Assimilator  
  51  4:19  Shield Battery, Nexus  
  51  4:22  Pylon  
  51  4:31  Probe x2  
  52  4:32  Forge  
  52  4:35  Shield Battery  
  52  4:38  Pylon  
  52  4:39  Zealot  
  52  4:40  Zealot  
  52  4:44  Probe  
  52  4:45  Probe  
  57  4:56  Probe  
  57  4:57  Probe  
  59  5:04  Protoss Ground Weapons Level 1 (Chrono Boost)  
  63  5:07  Void Ray (Chrono Boost)  
  63  5:20  Probe  
  64  5:32  Probe  
  64  5:35  Robotics Facility  
  65  5:36  Twilight Council  
  65  5:41  Robotics Facility  
  65  5:42  Pylon  
  65  5:45  Gateway  
  65  5:46  Gateway  
  65  5:48  Gateway  
  65  5:49  Probe x3  
  68  5:50  Gateway  
  68  5:53  Photon Cannon  
  68  5:56  Photon Cannon  
  68  5:57  Pylon  
  68  6:01  Probe x2  
  70  6:07  Charge (Chrono Boost)  
  70  6:18  Templar Archives  
  75  6:27  Observer (Chrono Boost)  
  75  6:28  Void Ray  
  75  6:31  Probe x2  
  75  6:32  Observer (Chrono Boost)  
  78  6:37  Pylon  
  78  6:40  Assimilator  
  78  6:43  Gateway x2, Assimilator  
  78  6:45  Gateway  
  78  6:56  Robotics Bay  
  78  6:58  Immortal  
  78  6:59  Pylon  
  82  7:02  Immortal  
  86  7:12  Probe x3  
  89  7:19  Psionic Storm  
  89  7:20  Blink  
  89  7:23  Pylon, Nexus  
  88  7:41  Immortal (Chrono Boost)  
  88  7:42  Immortal (Chrono Boost)  
  88  7:43  Probe x3  
  99  7:55  Probe x3  
  101  8:07  Probe  
  101  8:08  Extended Thermal Lance  
  102  8:17  Colossus (Chrono Boost)  
  102  8:18  Colossus (Chrono Boost)  
  102  8:19  High Templar x3  
  114  8:23  Probe x2, Protoss Ground Weapons Level 2 (Chrono Boost)  
  114  8:24  Probe  
  123  8:45  Probe x2  
  123  8:46  Probe  
  123  8:47  Shield Battery  
  123  8:48  Photon Cannon  
  126  8:49  Photon Cannon  
  126  8:50  Pylon  
  126  8:52  Pylon  
  126  8:53  Pylon  
  126  8:58  Photon Cannon  
  126  9:00  Probe x2, Photon Cannon  
  126  9:01  Probe x2  
  130  9:03  Photon Cannon  
  130  9:07  Forge  
  130  9:10  Colossus (Chrono Boost), Shield Battery  
  130  9:12  Forge  
  142  9:22  Colossus (Chrono Boost)  
  142  9:25  Zealot  
  142  9:26  Zealot x2  
  148  9:33  Assimilator  
  148  9:38  Assimilator  
  148  9:50  Photon Cannon x2  
  148  9:52  Photon Cannon  
  148  9:54  Photon Cannon  
  148  9:55  Shield Battery  
  148  9:58  Photon Cannon  
  148  9:59  Warp Prism (Chrono Boost)  
  148  10:00  Photon Cannon  
  148  10:01  Gateway x2  
  148  10:03  Gateway, Gravitic Drive  
  149  10:10  Observer (Chrono Boost)  
  147  10:21  Zealot  
  147  10:22  Zealot x3  
  147  10:26  Observer, Nexus  
  155  10:29  Gateway  
  149  10:44  Zealot x2  
  149  10:45  Zealot x2  
  155  10:53  Zealot  
  155  10:54  Zealot  
  155  10:55  Nexus  
  155  11:10  Observer  
  157  11:36  Zealot  
Tags
 
Add a new tag
Caveats
  • Supply blocks, unpowered buildings, or Contaminate may cause inaccurate times.
  • Supply counts are checked every 10 seconds.